Unix NetHack Version 5.0.0-0 post-release - last build May 10 2026 23:12:36 (d1fa5d53e341ca933230fdaa984d921c805b60aa,branch:main).

Game began 2026-05-14 23:57:05, ended 2026-05-15 00:04:31.

CaptainEquinox, neutral female human Valkyrie

                                   ------------
                                   |...........#
                                   |..........|#      -------
                                   |..........|#      |.....|
                                   |.......<..|#      |>....-#
                                   |..........|#     #.....%|#
                                   ------.-----#     #-------#
                                              ##     #       #
                                              #      #       #
                                              #      #       #   -----
                                             ###### ###      #   |)))|
                                             #---.---#      ##   |)))|
                                              |..^..|#       #----)))----
                                              |.....-#       #-@))[)))))|
                                              ......|         |.)@m)))))|
                                              |`....|         |)))))[[))|
                                              -------         -----------

CaptainEquinox the Stripling  St:18/03 Dx:9 Co:18 In:10 Wi:9 Ch:7  Neutral
Dlvl:3  $:22 HP:0(23) Pw:4(4) AC:5  Xp:2 T:931 

Latest messages:
 You are caught in a bear trap.
 You are caught in a bear trap.
 You are caught in a bear trap.
 You are caught in a bear trap.
 You are caught in a bear trap.
 You are caught in a bear trap.
 You are caught in a bear trap.
 You are caught in a bear trap.
 Your leg feels better.
 You are caught in a bear trap.
 You are caught in a bear trap.
 You are caught in a bear trap.
 You hear an F sharp squeak in the distance.
 You are caught in a bear trap.
 You are caught in a bear trap.
 You are caught in a bear trap.
 You are caught in a bear trap.
 You are caught in a bear trap.
 You are caught in a bear trap.
 You are caught in a bear trap.
 You are caught in a bear trap.
 You finally wriggle free.
 You hear an F sharp squeak in the distance.
 The door resists!
 The door opens.
 You hear an F sharp squeak in the distance.
 "Velkommen, CaptainEquinox!  Welcome to Jonzac's antique weapons outlet!"
 You see here a dwarvish spear (for sale, 5 zorkmids).
 What do you want to drop? [$a-w or ?*] u
 You drop a banded mail.
 Jonzac offers 45 gold pieces for your banded mail.  Sell it? [ynaq] (n) n
 u - a banded mail.
 You see here 9 crossbow bolts (for sale, 27 zorkmids).
 You see here 10 arrows (for sale, 30 zorkmids).
 You see here 9 crossbow bolts (for sale, 27 zorkmids).
 You see here a dwarvish spear (for sale, 5 zorkmids).
 You do not owe Jonzac anything.
 You see here a dagger (for sale, 6 zorkmids).
 You see here a quarterstaff (for sale, 8 zorkmids).
 That strange object is a small mimic!
 You miss the small mimic.
 The small mimic hits!
 You miss the small mimic.
 The small mimic hits!
 You hit the small mimic!
 The small mimic hits!
 You die...
 Jonzac gratefully inherits all your possessions.
 Do you want to see what you had when you died? [ynq] (y) y
 Do you want to see your attributes? [ynq] (y) q

Inventory:
 Coins    ('$')
  $ - 22 gold pieces
 Weapons  (')')
  b - a +0 dagger (at the ready)
  a - a +1 spear (weapon in right hand)
 Armor    ('[')
  f - an uncursed +0 orcish helm (being worn)
  j - a blessed +0 pair of gauntlets of dexterity
  c - an uncursed +3 small shield (being worn)
  u - an uncursed +0 banded mail
 Comestibles  ('%')
  v - an uncursed candy bar labeled "Wonka Bar"
  o - an uncursed cram ration
  d - an uncursed food ration
  w - a cursed fortune cookie
 Scrolls  ('?')
  k - an uncursed scroll of enchant weapon
  m - an uncursed scroll of light
  t - an uncursed scroll of scare monster
 Spellbooks  ('+')
  l - an uncursed spellbook of protection
 Potions  ('!')
  e - an uncursed potion of booze named uncursed
  g - an uncursed potion of confusion named uncursed
  p - an uncursed potion of see invisible
 Wands    ('/')
  q - a wand of cancellation (0:6)
  r - a wand of magic missile (0:7)
 Tools    ('(')
  n - a cursed can of grease (0:18)
  s - an uncursed tin opener
  h - a cursed tin opener
  i - a cursed tin opener

CaptainEquinox the Valkyrie's attributes:

Background:
 You were a Stripling, a level 2 human Valkyrie.
 You were neutral, on a mission for Odin
 who was opposed by Tyr (lawful) and Loki (chaotic).
 You were right-handed.
 You were in the Dungeons of Doom, on level 3.
 You entered the dungeon 931 turns ago.
 It was the midnight hour.
 You had 36 experience points, 4 more were needed to attain level 3.

Basics:
 You had 0 out of 23 hit points.
 You had all 4 energy points (spell power).
 Your armor class was 5.
 Your wallet contained 22 zorkmids.
 Autopickup was off.

Final Characteristics:
 Your strength was 18/03 (limit:18/100).
 Your dexterity was 9 (peak:10, limit:18).
 Your constitution was 18 (limit:18).
 Your intelligence was 10 (limit:18).
 Your wisdom was 9 (limit:18).
 Your charisma was 7 (limit:18).

Final Status:
 You weren't hungry.
 You were unencumbered.
 You were wielding a spear.
 You had basic skill with spear.

Final Attributes:
 You were stridently aligned.
 You were cold resistant.
 You are dead.

Miscellaneous:
 You didn't encounter any bones levels.
 Total elapsed playing time was 7 minutes and 25 seconds.

Major events:
 Turn
    1: CaptainEquinox the neutral human Valkyrie entered the dungeon
  792: entered the Gnomish Mines
  931: killed by a small mimic

You didn't know any spells.

Skills:
 Fighting Skills
   bare handed combat [Unskilled]
   two weapon combat  [Unskilled]
   riding             [Unskilled]
 Weapon Skills
   dagger             [Basic]
   axe                [Unskilled]
   pick-axe           [Unskilled]
   short sword        [Unskilled]
   broadsword         [Unskilled]
   long sword         [Unskilled]
   two-handed sword   [Unskilled]
   saber              [Unskilled]
   hammer             [Unskilled]
   quarterstaff       [Unskilled]
   polearms           [Unskilled]
   spear              [Basic]
   trident            [Unskilled]
   lance              [Unskilled]
   sling              [Unskilled]
 Spellcasting Skills
   attack spells      [Unskilled]
   escape spells      [Unskilled]

Voluntary challenges:
 Character rerolling was not enabled.
 You were an atheist.
 You were illiterate.
 You never genocided any monsters.
 You never polymorphed an object.
 You never changed form.
 You used no wishes.
Achievements:
 You entered a shop.
 You entered the Gnomish Mines.

 The Dungeons of Doom: levels 1 to 3
    Level 1:
       A fountain.
    Level 2:
       A potion shop.
       Stairs down to The Gnomish Mines.
    Level 3: <- You were here.
       A weapon shop.
       Final resting place for
          you, killed by a small mimic.
 The Gnomish Mines:
    Level 3:


Vanquished creatures:
  a little dog
  a gnome zombie
  9 jackals
  a fox
  a goblin
  a grid bug
  3 lichens
  4 newts
21 creatures vanquished.

No species were genocided or became extinct.

Game over:
                       ----------
                      /          \
                     /    REST    \
                    /      IN      \
                   /     PEACE      \
                  /                  \
                  |  CaptainEquinox  |
                  |      22 Au       |
                  |   killed by a    |
                  |   small mimic    |
                  |                  |
                  |                  |
                  |       2026       |
                 *|     *  *  *      | *
        _________)/\\_//(\/(/\)/\//\/|_)_______

Farvel CaptainEquinox the Valkyrie...

You died in The Dungeons of Doom on dungeon level 3 with 264 points,
and 22 pieces of gold, after 931 moves.
You were level 2 with a maximum of 23 hit points when you died.

